 Dungeon Crawl Stone Soup version 0.27.1-2-g3b301248ec (webtiles) character file.

Game seed: 11091759018423178639

8598 Rickety the Thaumaturge (level 11, 0/81 HPs)
             Began as a Gnoll Venom Mage on Sept 23, 2021.
             Was an Initiate of Sif Muna.
             Slain by a red ugly thing (21 damage)
             ... on level 9 of the Dungeon.
             The game lasted 00:35:31 (12042 turns).

Rickety the Thaumaturge (Gnoll Venom Mage)         Turns: 12042, Time: 00:35:32

Health: 0/81       AC: 10    Str:  8    XL:     11   Next: 33%
Magic:  17/32      EV: 18    Int: 18    God:    Sif Muna [......]
Gold:   241        SH:  5    Dex: 12    Spells: 10/26 levels left

rFire    . . .     SeeInvis .   a - +1 dagger (flame)
rCold    . . .     Faith    .   (no shield)
rNeg     . . .     Spirit   .   U - +0 troll leather armour
rPois    .         Reflect  +   (no helmet)
rElec    .         Harm     .   f - +2 cloak
rCorr    .         Rampage  .   G - +0 pair of gloves
Will     .....                  H - +0 pair of boots
Stlth    +++.......             o - amulet of reflection
HPRegen  1.23/turn              y - ring of magical power
MPRegen  0.23/turn              M - +4 ring of evasion

@: no status effects
A: fangs 1, strong nose, distributed training
a: Renounce Religion


You were on level 9 of the Dungeon.
You worshipped Sif Muna.
Sif Muna was noncommittal.
You visited 2 branches of the dungeon, and saw 10 of its levels.

You collected 511 gold pieces.
You spent 270 gold pieces at shops.

Inventory:

Hand Weapons
 a - a +1 dagger of flaming (weapon)
 b - the +2 long sword of Edessola {flame, rElec rF+ rC- Str+4 Int+5}
   (You found it on level 7 of the Dungeon)

   It burns those it strikes, dealing additional fire damage.
   Big, fiery blades are also staple armaments of hydra-hunters.
   Str:       It affects your strength (+4).
   Int:       It affects your intelligence (+5).
   rF:        It protects you from fire.
   rC:        It makes you vulnerable to cold.
   rElec:     It insulates you from electricity.
 s - a +2 whip of flaming
 u - a +3 long sword of electrocution
 v - a +1 dagger of venom
Missiles
 h - 14 poisoned darts
 x - 3 throwing nets
 C - 3 atropa-tipped darts
 E - a curare-tipped dart
Armour
 f - a +2 cloak (worn)
 m - a +2 helmet
 n - a +2 animal skin
 G - a +0 pair of gloves (worn)
 H - a +0 pair of boots (worn)
 J - +0 steam dragon scales
 K - a +0 cloak of preservation
 Q - a +0 kite shield
 U - a +0 troll leather armour (worn)
Jewellery
 i - an amulet of faith
 j - a ring of resist corrosion
 k - a +4 ring of protection
 o - an amulet of reflection (around neck)
 y - a ring of magical power (left hand)
 M - a +4 ring of evasion (right hand)
 N - a +6 ring of strength
 O - an amulet of regeneration
 S - a +4 ring of protection
Wands
 c - a wand of acid (6)
 e - a wand of polymorph (2)
 F - a wand of paralysis (8)
 I - a wand of flame (11)
Scrolls
 d - 4 scrolls of vulnerability
 g - 3 scrolls of amnesia
 l - 4 scrolls of teleportation
 q - 3 scrolls of blinking
 w - a scroll of fog
 D - a scroll of noise
 R - a scroll of magic mapping {unknown}
 T - a scroll of enchant armour
Potions
 p - 3 potions of curing
 r - a potion of heal wounds
 t - a potion of brilliance
 z - a potion of cancellation
 A - 2 potions of attraction
 B - a potion of lignification
 L - a potion of invisibility
 P - a potion of mutation


   Skills:
 + Level 6.2 Fighting
 + Level 6.2 Short Blades
 + Level 6.2 Long Blades
 + Level 6.2 Axes
 + Level 6.2 Maces & Flails
 + Level 6.2 Polearms
 + Level 6.2 Staves
 + Level 6.2 Slings
 + Level 6.2 Bows
 + Level 6.2 Crossbows
 + Level 6.2 Throwing
 + Level 6.2 Armour
 + Level 7.8 Dodging
 + Level 7.5 Stealth
 + Level 6.2 Shields
 + Level 6.2 Unarmed Combat
 + Level 8.0 Spellcasting
 + Level 5.1 Conjurations
 + Level 5.1 Hexes
 + Level 5.1 Summonings
 + Level 5.1 Necromancy
 + Level 5.1 Translocations
 + Level 5.6 Transmutations
 + Level 5.1 Fire Magic
 + Level 5.1 Ice Magic
 + Level 5.1 Air Magic
 + Level 5.1 Earth Magic
 + Level 7.6 Poison Magic
 + Level 6.8 Invocations
 + Level 6.2 Evocations


You had 10 spell levels left.
You knew the following spells:

 Your Spells              Type           Power      Damage    Failure   Level
a - Sting                 Tmut/Pois      100%       1d8       1%          1
f - Conjure Flame         Conj/Fire      25%        6-21      4%          3
i - Ignite Poison         Fire/Tmut/Pois 29%        N/A       3%          3
m - Mephitic Cloud        Conj/Pois/Air  28%        N/A       3%          3
v - Poisonous Vapours     Pois/Air       60%        N/A       1%          2
x - Olgreb's Toxic Radia  Pois           34%        N/A       6%          4

Your spell library contained the following spells:

 Spells                   Type           Power      Damage    Failure   Level
 Beastly Appendage        Tmut           54%        N/A       1%          1
 Ozocubu's Armour         Ice            25%        N/A       4%          3
 Stone Arrow              Conj/Erth      50%        3d10      4%          3
 Animate Armour           Summ/Erth      50%        N/A       16%         4
 Sticky Flame             Conj/Fire      25%        2d5       16%         4
 Ozocubu's Refrigeration  Ice            12%        4d7       100%        7
 Lehudib's Crystal Spear  Conj/Erth      12%        10d4      100%        8


Dungeon Overview and Level Annotations

Branches:
Dungeon (9/15)             Temple (1/1) D:4             Orc (0/2) D:9
   Lair: D:8-11

Altars:
Ashenzari
Cheibriados
Dithmenos
Elyvilon
Fedhas
Gozag
Hepliaklqana
Kikubaaqudgha
Makhleb
Nemelex Xobeh
Okawaru
Qazlal
Ru
Sif Muna
Trog
Uskayaw
Vehumet
Wu Jian
Xom
Yredelemnul
Zin
The Shining One

Shops:
D:8 *   D:9 [

Annotations:
D:5 3 runed translucent doors, Hubris850's ghost, novice DrCj
D:6 1 runed translucent door, judgestillwater's ghost, novice MiBe


Innate Abilities, Weirdness & Mutations

You have very sharp teeth.
Your uncanny sense of smell can sniff out nearby items.
Your experience applies equally to all skills.


Message History

Aiming: Sting (safe; 1% risk of failure)
Press: ? - help, Q - select action, (/) - cycle Shift-Dir - straight line, f - red ugly thing, p - boulder beetle
Aim: a red ugly thing (heavily wounded, 78% to hit)
The sting hits the red ugly thing but does no damage.
The red ugly thing is poisoned.
The red ugly thing is heavily wounded.
The red ugly thing trunk-slaps you!
You are engulfed in flames!!
Aiming: Sting (safe; 1% risk of failure)
Press: ? - help, Q - select action, (/) - cycle Shift-Dir - straight line, f/p - red ugly thing
Aim: a red ugly thing (heavily wounded, poisoned, 78% to hit)
The sting hits the red ugly thing but does no damage.
The red ugly thing looks even sicker.
The red ugly thing is heavily wounded.
The red ugly thing trunk-slaps you!
You are engulfed in flames!
* * * LOW HITPOINT WARNING * * *
The boulder beetle stops rolling and uncurls.
You feel much better. The red ugly thing barely misses you.
Casting: Sting (safe; 1% risk of failure)
Confirm with . or Enter, or press ? or * to list all spells.
You ignite the poison in your surroundings!
The red ugly thing seems to burn from within!
The red ugly thing is severely wounded.
The boulder beetle seems to burn from within!
The boulder beetle is almost dead.
The red ugly thing trunk-slaps you but does no damage.
The boulder beetle leaps!
You hit the red ugly thing but do no damage.
The red ugly thing is severely wounded.
The red ugly thing trunk-slaps you.
You are engulfed in flames!!
Unknown command.
Aiming: Sting (safe; 1% risk of failure)
Press: ? - help, Q - select action, (/) - cycle Shift-Dir - straight line, f/p - red ugly thing
Aim: a red ugly thing (severely wounded, 78% to hit)
The sting hits the red ugly thing but does no damage.
The red ugly thing is poisoned.
The red ugly thing is severely wounded.
The red ugly thing trunk-slaps you!
* * * LOW HITPOINT WARNING * * *
You are engulfed in flames!!
You die...

...........##...........)##.# .#
####.##.##.##............##.# #.#
# #.##.##.##...∩.>.....###)##†# #
#.##.##.##...........# #)#.#
####.##.##.##.......°...# #..##
#<[..#..##.##...........# #)#.###
......#.##.#..##.####...###)##O#.
#.##[###.#.#.###............###o#
..###.#^#...#.##@####.####### #..
### #..##.....##.u°...## ###
#.......##.>####...#
##.#######..# #...# #.# ..##..
#...# #.# ##. .####.## #.# # #
#.# #.# #.### #.########.## #...#


You could see a red ugly thing (poisoned).

Vanquished Creatures
  Harold (D:7)
  Erolcha (D:9)
  2 two-headed ogres (D:9)
  Pikel (D:7)
  Joseph (D:7)
  A troll (D:9)
  2 hornets
  3 wyverns
  5 yaks (D:7)
  A steam dragon (D:8)
  Menkaure (D:7)
  An ice beast (D:6)
  A sky beast (D:7)
  2 ogres
  4 orc warriors
  2 necrophages
  A kobold brigand (D:5)
  2 scorpions
  A gnoll sergeant (D:9)
  A water moccasin zombie (D:4)
  A water moccasin skeleton (D:6)
  10 killer bees
  2 howler monkeys
  A bullfrog zombie (D:5)
  6 centaur zombies
  3 hounds
  A gnoll shaman (D:7)
  4 orc priests
  4 jellies
  A bullfrog skeleton (D:6)
  2 centaur skeletons
  2 iguanas (D:5)
  Jessica (D:2)
  12 orc wizards
  A scorpion zombie (D:3)
  2 killer bee zombies (D:7)
  2 hound skeletons (D:4)
  Robin (D:2)
  9 gnolls
  6 adders
  A shadow imp (D:5)
  3 ufetubi
  2 worms
  3 dart slugs
  27 orcs
  11 ball pythons
  5 endoplasms
  5 giant cockroaches
  19 goblins
  8 hobgoblins
  5 jackals
  3 quokkas
  6 bats
  2 frilled lizards
  8 kobolds
  8 rats
221 creatures vanquished.

Vanquished Creatures (collateral kills)
  An orc (D:7)
1 creature vanquished.

Grand Total: 222 creatures vanquished

Notes
Turn   | Place    | Note
-------+----------+-------------------------------------------
     0 | D:1      | Rickety the Gnoll Venom Mage began the quest for the Orb.
     0 | D:1      | Reached XP level 1. HP: 13/13 MP: 6/6
   154 | D:1      | Reached XP level 2. HP: 19/19 MP: 4/7
   157 | D:1      | Learned a level 2 spell: Poisonous Vapours
   195 | D:1      | Found a faded altar of an unknown god.
   585 | D:1      | Reached XP level 3. HP: 25/25 MP: 5/9
   589 | D:1      | Learned a level 3 spell: Mephitic Cloud
   622 | D:1      | Reached skill level 5 in Spellcasting
  1093 | D:2      | Reached skill level 1 in Invocations
  1531 | D:2      | Reached skill level 1 in Fighting
  1531 | D:2      | Reached skill level 1 in Short Blades
  1531 | D:2      | Reached skill level 1 in Long Blades
  1531 | D:2      | Reached skill level 1 in Axes
  1531 | D:2      | Reached skill level 1 in Maces & Flails
  1531 | D:2      | Reached skill level 1 in Polearms
  1531 | D:2      | Reached skill level 1 in Staves
  1531 | D:2      | Reached skill level 1 in Slings
  1531 | D:2      | Reached skill level 1 in Bows
  1531 | D:2      | Reached skill level 1 in Crossbows
  1531 | D:2      | Reached skill level 1 in Throwing
  1531 | D:2      | Reached skill level 1 in Armour
  1531 | D:2      | Reached skill level 1 in Shields
  1531 | D:2      | Reached skill level 1 in Unarmed Combat
  1531 | D:2      | Reached skill level 1 in Evocations
  1756 | D:2      | Reached XP level 4. HP: 31/32 MP: 2/11
  1761 | D:2      | Learned a level 4 spell: Olgreb's Toxic Radiance
  2156 | D:2      | Noticed Jessica
  2160 | D:2      | Noticed Robin
  2171 | D:2      | Killed Jessica
  2172 | D:2      | Reached skill level 1 in Conjurations
  2172 | D:2      | Reached skill level 1 in Hexes
  2172 | D:2      | Reached skill level 1 in Summonings
  2172 | D:2      | Reached skill level 1 in Necromancy
  2172 | D:2      | Reached skill level 1 in Translocations
  2172 | D:2      | Reached skill level 1 in Fire Magic
  2172 | D:2      | Reached skill level 1 in Ice Magic
  2172 | D:2      | Reached skill level 1 in Air Magic
  2172 | D:2      | Reached skill level 1 in Earth Magic
  2207 | D:2      | Killed Robin
  2208 | D:2      | Reached XP level 5. HP: 37/37 MP: 0/12
  3324 | D:3      | Found a stormy altar of Qazlal.
  3797 | D:3      | Found a basalt altar of Yredelemnul.
  3907 | D:4      | Reached XP level 6. HP: 42/44 MP: 14/14
  3947 | D:4      | Reached skill level 5 in Dodging
  4077 | D:4      | Found a staircase to the Ecumenical Temple.
  4096 | D:4      | Noticed a necrophage
  4100 | Temple   | Entered the Ecumenical Temple
  4121 | Temple   | Killed a necrophage
  4122 | Temple   | Reached XP level 7. HP: 40/50 MP: 9/15
  4521 | D:4      | Found a sparkling altar of Nemelex Xobeh.
  5000 | D:4      | Found a shimmering altar of Xom.
  5018 | D:5      | Entered Level 5 of the Dungeon
  5230 | D:5      | Reached skill level 5 in Stealth
  5324 | D:5      | Found a runed translucent gate.
  5329 | D:5      | Learned a level 3 spell: Ignite Poison
  5819 | D:5      | Found a runed translucent gate.
  5834 | D:5      | Reached XP level 8. HP: 35/57 MP: 16/16
  5838 | D:5      | Learned a level 3 spell: Conjure Flame
  6086 | D:5      | Reached skill level 6 in Spellcasting
  6526 | D:5      | Found a runed translucent gate.
  6528 | D:5      | Noticed Hubris850's ghost (novice DrCj)
  6556 | D:5      | Found a faded altar of an unknown god.
  6558 | D:5      | Found a hazy altar of Hepliaklqana.
  6558 | D:5      | Found a faded altar of an unknown god.
  7399 | D:6      | Found a runed translucent door.
  7399 | D:6      | Noticed judgestillwater's ghost (novice MiBe)
  7711 | D:6      | Reached XP level 9. HP: 55/65 MP: 18/18
  7918 | D:6      | Noticed a hornet
  7923 | D:6      | Killed a hornet
  8378 | D:7      | Noticed Pikel
  8389 | D:7      | Killed Pikel
  8402 | D:7      | Reached skill level 5 in Invocations
  8406 | D:7      | Reached skill level 7 in Spellcasting
  8412 | D:7      | Reached XP level 10. HP: 56/73 MP: 2/20
  8461 | D:7      | Noticed Joseph
  8470 | D:7      | Killed Joseph
  8471 | D:7      | Reached skill level 5 in Fighting
  8471 | D:7      | Reached skill level 5 in Short Blades
  8471 | D:7      | Reached skill level 5 in Long Blades
  8471 | D:7      | Reached skill level 5 in Axes
  8471 | D:7      | Reached skill level 5 in Maces & Flails
  8471 | D:7      | Reached skill level 5 in Polearms
  8471 | D:7      | Reached skill level 5 in Staves
  8471 | D:7      | Reached skill level 5 in Slings
  8471 | D:7      | Reached skill level 5 in Bows
  8471 | D:7      | Reached skill level 5 in Crossbows
  8471 | D:7      | Reached skill level 5 in Throwing
  8471 | D:7      | Reached skill level 5 in Armour
  8471 | D:7      | Reached skill level 5 in Shields
  8471 | D:7      | Reached skill level 5 in Unarmed Combat
  8471 | D:7      | Reached skill level 5 in Evocations
  8653 | D:7      | Identified the +2 long sword of Edessola {flame, rElec rF+
                  | rC- Str+4 Int+5}
  9329 | D:7      | Noticed Menkaure
  9336 | D:7      | Found a snail-covered altar of Cheibriados.
  9348 | D:7      | Killed Menkaure
  9415 | D:7      | Noticed Harold
  9429 | D:7      | Killed Harold
  9608 | D:7      | Reached skill level 5 in Transmutations
  9706 | D:7      | Found a bloodstained altar of Trog.
  9707 | D:7      | Found an opulent altar of Gozag.
 10268 | D:8      | Found a glowing silver altar of Zin.
 10452 | D:8      | Found Otuz's Assorted Antiques.
 10460 | D:8      | Bought a scroll of identify for 36 gold pieces
 10460 | D:8      | Bought a potion of curing for 54 gold pieces
 10460 | D:8      | Bought a knobbly opal ring for 90 gold pieces
 10460 | D:8      | Bought a large copper ring for 90 gold pieces
 10857 | D:9      | Noticed a red ugly thing
 11027 | D:9      | Noticed a two-headed ogre
 11032 | D:9      | Killed a two-headed ogre
 11041 | D:9      | Noticed Erolcha
 11172 | D:9      | Found a sacrificial altar of Ru.
 11226 | D:9      | Reached XP level 11. HP: 67/81 MP: 22/22
 11293 | D:9      | Noticed a two-headed ogre
 11296 | D:9      | Killed a two-headed ogre
 11304 | D:9      | Reached skill level 5 in Conjurations
 11304 | D:9      | Reached skill level 5 in Hexes
 11304 | D:9      | Reached skill level 5 in Summonings
 11304 | D:9      | Reached skill level 5 in Necromancy
 11304 | D:9      | Reached skill level 5 in Translocations
 11304 | D:9      | Reached skill level 5 in Fire Magic
 11304 | D:9      | Reached skill level 5 in Ice Magic
 11304 | D:9      | Reached skill level 5 in Air Magic
 11304 | D:9      | Reached skill level 5 in Earth Magic
 11533 | D:9      | Found Ceses's Armour Shoppe.
 11533 | D:9      | Found a staircase to the Orcish Mines.
 11866 | D:9      | Killed Erolcha
 11867 | D:9      | Reached skill level 8 in Spellcasting
 11978 | D:9      | Found a radiant altar of Vehumet.
 11982 | D:9      | Found an ancient bone altar of Kikubaaqudgha.
 11983 | D:9      | Found a shimmering blue altar of Sif Muna.
 11988 | D:9      | Got Sif Muna's Reference Book on Transformation
 11990 | D:9      | Became a worshipper of Sif Muna the Loreminder
 12016 | D:9      | Noticed a boulder beetle
 12042 | D:9      | Slain by a red ugly thing

Illustrated notes

Levels and vault maps discovered:
D:1:      dpeg_arrival_radiant, layout_basic, basic_ecumenical_altar,
          kennysheep_minor_cross, minmay_surrounded
D:2:      minmay_razor_zed, layout_basic, serial_rivers,
          chequers_serial_rivers_room_a, chequers_serial_rivers_micro_a,
          chequers_serial_rivers_micro_c, chequers_serial_rivers_room_b,
          chequers_serial_rivers_small_3, chequers_serial_rivers_micro_c,
          minmay_misc_feat_tower, uniq_jessica, uniq_robin
D:3:      layout_loops_ring, mainiacjoe_overflow_six_doors_small,
          lemuel_zombie_altar_yredelemnul, kennysheep_decorative_pillar
D:4:      layout_basic, mainiacjoe_overflow_chevrons, kennysheep_mini_moat,
          minmay_temple_entry_wispy, serial_glass, glass_columns_b,
          glass_columns_b
D:5:      layout_basic, nicolae_hepliaklqana_ecumenical_no_more,
          ebering_ghost_rock_garden, minivault_27,
          minmay_a_box_with_orc_wizards_in_it
D:6:      layout_loops_corners, hellmonk_ghost_happy_afterlife
D:7:      layout_loops_ring, mainiacjoe_overflow_brackets,
          gammafunk_temple_overflow_statue, enter_bailey_4, grunt_ministairs_15,
          uniq_joseph, uniq_harold, uniq_menkaure, uniq_pikel
D:8:      layout_loops_ring, zin_statuary, serial_shops, shop, bh_walls_and_bars
D:9:      layout_loops_ring, grunt_temple_overflow_magic_moments,
          hangedman_ru_absence, orc_david_3, st_stairs_7, uniq_erolcha
Temple:   jpeg_temple_island

Skill      XL: |  1  2  3  4  5  6  7  8  9 10 11 |
---------------+----------------------------------+-----
Transmutations | 2 3 4 5 |  5.6
Spellcasting   | 5 6 7 8 |  8.0
Invocations    | 1 2 3 4 5 6 |  6.8
Fighting       | 1 2 3 4 5 6 |  6.2
Short Blades   | 1 2 3 4 5 6 |  6.2
Long Blades    | 1 2 3 4 5 6 |  6.2
Axes           | 1 2 3 4 5 6 |  6.2
Maces & Flails | 1 2 3 4 5 6 |  6.2
Polearms       | 1 2 3 4 5 6 |  6.2
Staves         | 1 2 3 4 5 6 |  6.2
Slings         | 1 2 3 4 5 6 |  6.2
Bows           | 1 2 3 4 5 6 |  6.2
Crossbows      | 1 2 3 4 5 6 |  6.2
Throwing       | 1 2 3 4 5 6 |  6.2
Armour         | 1 2 3 4 5 6 |  6.2
Shields        | 1 2 3 4 5 6 |  6.2
Unarmed Combat | 1 2 3 4 5 6 |  6.2
Evocations     | 1 2 3 4 5 6 |  6.2
Conjurations   | 1 2 3 4 5 |  5.1
Hexes          | 1 2 3 4 5 |  5.1
Summonings     | 1 2 3 4 5 |  5.1
Necromancy     | 1 2 3 4 5 |  5.1
Translocations | 1 2 3 4 5 |  5.1
Fire Magic     | 1 2 3 4 5 |  5.1
Ice Magic      | 1 2 3 4 5 |  5.1
Air Magic      | 1 2 3 4 5 |  5.1
Earth Magic    | 1 2 3 4 5 |  5.1
Dodging        | 5 6 7 |  7.8
Stealth        | 5 6 7 |  7.5
Poison Magic   | 6 7 |  7.6

Action                   |  1- 3 |  4- 6 |  7- 9 | 10-12 || total
-------------------------+-------+-------+-------+-------++-------
Melee: Long sword        |    12 |    87 |   115 |    61 ||   275
       Dagger            |    18 |    14 |    47 |    12 ||    91
       Bite              |     1 |     5 |    11 |     5 ||    22
       Punch             |       |       |     4 |     2 ||     6
 Cast: Sting             |    39 |    12 |    28 |    25 ||   104
       Poisonous Vapours |    11 |    34 |    35 |    57 ||   137
       Mephitic Cloud    |       |     2 |    18 |    11 ||    31
       Ignite Poison     |       |       |    11 |    31 ||    42
       Conjure Flame     |       |       |     1 |     2 ||     3
       Olgreb's Toxic Ra |       |       |     1 |     1 ||     2
  Use: Scroll            |       |     5 |     7 |    10 ||    22
       Potion            |       |       |     1 |     1 ||     2
 Stab: Sleeping          |     5 |     6 |     3 |     2 ||    16
       Distracted        |     1 |       |       |       ||     1
       Confused          |       |       |     5 |     1 ||     6
Armor: Robe              |    19 |    10 |       |       ||    29
       Animal skin       |       |    40 |    97 |    41 ||   178
       Troll leather arm |       |       |       |     4 ||     4
Dodge: Dodged            |    32 |    60 |   115 |    84 ||   291
Block: Other             |       |    21 |    46 |    19 ||    86
       Reflection        |       |       |     1 |       ||     1
       Rpst.: Long sword |     4 |    15 |    21 |    13 ||    53
